 Dungeon Crawl Stone Soup version 0.30.1-4-g462c640d31 (webtiles) character file.

Game seed: 7924070637536659089

317 Logoto the Firebug (level 6, -4/47 HPs)
             Began as a Draconian Fire Elementalist on Aug 21, 2023.
             Slain by Edmund
             ... wielding a +6 heavy dire flail
              (8 damage)
             ... on level 4 of the Dungeon.
             The game lasted 00:11:54 (3705 turns).

Logoto the Firebug (Draconian Fire Elementalist)    Turns: 3705, Time: 00:11:54

Health: -4/47      AC:  8    Str: 12    XL:     6   Next: 20%
Magic:  0/10       EV: 12    Int: 16    God:
Gold:   127        SH:  0    Dex: 11    Spells: 7/10 levels left

rFire   . . .        w - +0 dagger (venom)
rCold   . . .        (no shield)
rNeg    . . .        (body armour unavailable)
rPois   .            (helmet restricted)
rElec   .            B - +1 cloak
rCorr   .            (no gloves)
SInv    .            (no boots)
Will    .....        (no amulet)
Stlth   ++           (no ring)
HPRegen 0.27/turn    (no ring)
MPRegen 0.12/turn

%: no passive effects
@: no status effects
A: AC +6, unfitting armour, cold-blooded
a: no special abilities


You were on level 4 of the Dungeon.
You visited 1 branch of the dungeon, and saw 5 of its levels.

You collected 127 gold pieces.

Inventory:

Hand Weapons
 b - a +0 falchion
 w - a +0 dagger of venom (weapon)
 A - a +1 sling of draining
Missiles
 s - 15 stones
Armour
 B - a +1 cloak (worn)
Wands
 n - a wand of polymorph (7)
Scrolls
 d - a scroll of enchant weapon {unknown}
 e - 6 scrolls of identify {unknown}
 f - a scroll of amnesia {unknown}
 g - a scroll of summoning {unknown}
 l - a scroll of poison {unknown}
 m - a scroll of fog {unknown}
 o - a scroll of torment {unknown}
 p - a scroll of teleportation {unknown}
 u - a scroll of enchant armour {unknown}
 y - 2 scrolls of magic mapping {unknown}
 z - a scroll of noise {unknown}
Potions
 a - a potion of magic
 c - 5 potions of heal wounds {unknown}
 i - a potion of degeneration {unknown}
 j - 2 potions of flight {unknown}
 k - 2 potions of might {unknown}
 q - 3 potions of haste {unknown}
 r - a potion of lignification {unknown}
 t - a potion of brilliance {unknown}
 v - 2 potions of curing {unknown}
 x - a potion of berserk rage {unknown}


   Skills:
 + Level 1.6 Fighting
 + Level 0.4(1.8) Short Blades
 + Level 2.9 Long Blades
 + Level 2.9 Dodging
 + Level 2.5 Stealth
 + Level 2.9 Spellcasting
 + Level 1.6 Conjurations
 + Level 4.0 Fire Magic


You had 7 spell levels left.
You knew the following spells:

 Your Spells              Type           Power      Damage    Failure   Level
a - Foxfire               Conj/Fire      44%        2x1d6     6%          1
b - Scorch                Fire           30%        2d6       5%          2

Your spell library contained the following spells:

 Spells                   Type           Power      Damage    Failure   Level
 Inner Flame              Hex/Fire       8%         N/A       26%         3
 Volatile Blastmotes      Fire/Tloc      16%        2d11      26%         3
 Flame Wave               Conj/Fire      11%        2d6       52%         4


Dungeon Overview and Level Annotations

Branches:
Dungeon (5/15)
 Temple: D:4-7

Altars:
Ru

Shops:
D:4 [

Annotations:
D:4 Edmund


Innate Abilities, Weirdness & Mutations

Your plain brown scales are hard. (AC +6)
You cannot fit into any form of body armour.
You are cold-blooded and may be slowed by cold attacks.


Message History

There is a stone staircase leading down here.
You start resting.
HP restored.
You climb downwards.
Level annotation: Edmund Edmund hits you with a +6 heavy dire flail!
There is a stone staircase leading up, spattered with blood here.
Casting: Foxfire (safe; 6% risk of failure)
Confirm with . or Enter, or press ? or * to list all spells.
Flames lash Edmund.
Edmund is moderately wounded.
Edmund's fire resistance burns away.
Edmund closely misses you.
Casting: Scorch (safe; 5% risk of failure)
Confirm with . or Enter, or press ? or * to list all spells.
Flames lash Edmund.
Edmund is burned terribly!
Edmund is moderately wounded.
Edmund barely misses you.
Casting: Scorch (safe; 5% risk of failure)
Confirm with . or Enter, or press ? or * to list all spells.
Flames lash Edmund but do no damage.
Casting: Scorch (safe; 5% risk of failure)
Confirm with . or Enter, or press ? or * to list all spells.
Flames lash Edmund.
Edmund is burned terribly!
Edmund is heavily wounded.
Edmund barely misses you.
Casting: Scorch (safe; 5% risk of failure)
Confirm with . or Enter, or press ? or * to list all spells.
Flames lash Edmund.
Edmund is heavily wounded.
Edmund hits you with a +6 heavy dire flail!
You hit Edmund but do no damage.
Edmund is poisoned.
Edmund is heavily wounded.
You closely miss Edmund. You tail-slap Edmund.
Edmund is severely wounded.
Edmund hits you with a +6 heavy dire flail!!
* * * LOW HITPOINT WARNING * * *
You hit Edmund but do no damage.
Edmund looks as sick as possible!
Edmund is severely wounded.
Edmund hits you with a +6 heavy dire flail!
You die...

..........#
#...###.#.# ##+## ##
####.#.# ##...##
#......# ##.....##
#.##.... ##.......##
#..##...
#.........####...#..#
+.........'..........
#...@.....####...#.##
##...@...## #.....#
##.....## ###.###
##...## #.# ##'## #.#
#.# #)#
#.##########.#
##..........#)#
##...#######)#.#


You could see Edmund (extremely poisoned, combustible).

Vanquished Creatures
  A scorpion (D:4)
  An orc priest (D:4)
  Jessica (D:2)
  Natasha (thrice) (D:2)
  Terence (D:2)
  4 adders
  A worm (D:4)
  A dart slug (D:1)
  3 orcs
  9 endoplasms
  2 giant cockroaches
  6 goblins
  3 hobgoblins
  3 jackals (D:3)
  3 quokkas
  5 ball pythons
  A bat (D:1)
  2 frilled lizards (D:3)
  9 kobolds
  2 rats
61 creatures vanquished.

Vanquished Creatures (others)
  47 foxfires
47 creatures vanquished.

Grand Total: 108 creatures vanquished

Notes
Turn   | Place    | Note
-------+----------+-------------------------------------------
     0 | D:1      | Logoto the Draconian Fire Elementalist began the quest for
                  | the Orb.
     0 | D:1      | Reached XP level 1. HP: 14/14 MP: 3/3
   240 | D:1      | Reached XP level 2. HP: 20/20 MP: 5/5
   725 | D:2      | Learned a level 2 spell: Scorch
   875 | D:2      | Reached XP level 3. HP: 26/26 MP: 6/6
  1025 | D:2      | Reached skill level 1 in Long Blades
  1056 | D:2      | Noticed Jessica
  1072 | D:2      | Killed Jessica
  1138 | D:2      | Reached XP level 4. HP: 30/34 MP: 1/7
  1212 | D:2      | Noticed Natasha
  1217 | D:2      | Killed Natasha
  1381 | D:2      | Noticed Natasha
  1390 | D:2      | Killed Natasha
  1391 | D:2      | Reached skill level 1 in Fighting
  1629 | D:2      | Noticed Terence
  1652 | D:2      | Killed Terence
  1653 | D:2      | Reached XP level 5. HP: 21/40 MP: 1/8
  1827 | D:2      | Noticed Natasha
  1841 | D:2      | Killed Natasha
  3043 | D:4      | Found a sacrificial altar of Ru.
  3082 | D:4      | Found Cehemai's Armour Emporium.
  3145 | D:4      | Noticed Edmund
  3167 | D:5      | Entered Level 5 of the Dungeon
  3167 | D:5      | Noticed an ogre
  3181 | D:4      | Reached skill level 4 in Fire Magic
  3181 | D:4      | Reached XP level 6. HP: 27/47 MP: 3/10
  3486 | D:4      | Identified the +1 short sword of Lyliz {antimagic, Dex+2}
  3705 | D:4      | Slain by Edmund

Illustrated notes

Levels and vault maps discovered:
D:1:      lemuel_arrival_behind_the_door_small, layout_loops_cross,
          reono_crystal_passage
D:2:      layout_basic, nicolae_hexahallways, uniq_jessica, uniq_terence,
          uniq_natasha
D:3:      layout_loops_ring
D:4:      layout_loops_corners, mainiacjoe_overflow_six_doors_small,
          serial_shops, shop, uniq_edmund
D:5:      layout_gridville, nicolae_overflow_two_pavilions,
          minmay_temple_entry_antechambers, minmay_hedge_maze, uniq_grinder

Skill      XL: |  1  2  3  4  5 |
---------------+----------------+-----
Dodging        | 2 |  2.9
Long Blades    | 1 2 |  2.9
Stealth        | 2 |  2.5
Fighting       | 1 |  1.6
Fire Magic     | 4 |  4.0
Short Blades   | |  0.4
Spellcasting   | |  2.9
Conjurations   | |  1.6

Action                     |  1- 3 |  4- 6 || total
---------------------------+-------+-------++-------
  Melee: Falchion          |    70 |    48 ||   118
         Tailslap          |     7 |    10 ||    17
         Unarmed           |     2 |       ||     2
         Dagger            |       |    58 ||    58
         Punch             |       |     2 ||     2
   Cast: Foxfire           |    12 |    18 ||    30
         Scorch            |     1 |    18 ||    19
   Stab: Sleeping          |     4 |     3 ||     7
 Armour: Skin              |    33 |    33 ||    66
  Dodge: Dodged            |    59 |    68 ||   127
